 Dungeon Crawl Stone Soup version 0.32-a0-613-g40f424ee2b (webtiles) character file.

Game seed: 5422224099757333575

16859 CrazyBamboolord the Arsonist (level 12, -8/127 HPs)
             Began as a Demonspawn Fire Elementalist on Mar 4, 2024.
             Was an Elder of Sif Muna.
             Mangled by a white ugly thing (21 damage)
             ... in an ice cave on Mar 5, 2024.
             The game lasted 00:34:30 (14585 turns).

CrazyBamboolord the Arsonist (DsFE)                Turns: 14585, Time: 00:34:31

Health: -8/127     AC: 26    Str: 10    XL:     12   Next: 13%
Magic:  3/24       EV:  2    Int: 19    God:    Sif Muna [****..]
Gold:   653        SH:  0    Dex: 14    Spells: 2/28 levels left

rFire   + + .        d - staff of conjuration
rCold   . . .        (no shield)
rNeg    . . .        M - melded +0 steam dragon scales
rPois   +            K - melded +2 hat
rElec   .            (cloak currently unavailable)
rCorr   .            x - melded +0 pair of gloves
SInv    .            (boots currently unavailable)
Will    .....        c - amulet of regeneration
Stlth   +++          C - ring of protection from fire
HPRegen 2.21/turn    w - ring of protection from fire
MPRegen 0.19/turn

%: no passive effects
@: tree-form, wreathed by umbra
A: stationary, stasis, torment immunity, boosted hp, (hooves 2), (molten scales
1), powered by death 3, foul shadow 1
a: Renounce Religion, Channel Magic, Forget Spell, Divine Exegesis


You were in an ice cave.
You worshipped Sif Muna.
Sif Muna was greatly pleased with you.
You were a tree.
You visited 2 branches of the dungeon, and saw 13 of its levels.
You also visited: Bailey and Ice Cave.

You collected 653 gold pieces.

Inventory:

Missiles
 r - 2 throwing nets
Armour
 s - a +0 helmet
 x - a +0 pair of gloves (melded)
 K - a +2 hat (melded)
 M - +0 steam dragon scales (melded)
Magical Staves
 d - a staff of conjuration (weapon)
Jewellery
 c - an amulet of regeneration (around neck)
 f - a ring of poison resistance
 i - a +5 ring of evasion
 w - a ring of protection from fire (right branch)
 C - a ring of protection from fire (left branch)
 H - a ring of protection from fire
 L - a ring of protection from fire
Wands
 l - a wand of acid (1)
 t - a wand of charming (11)
 u - a wand of polymorph (4)
 y - a wand of roots (15)
 z - a wand of digging (6)
 G - a wand of mindburst (14)
Scrolls
 a - a scroll of brand weapon {unknown}
 k - 2 scrolls of revelation
 p - a scroll of enchant weapon
 q - a scroll of fog
 v - a scroll of vulnerability
 A - a scroll of noise {unknown}
 B - 4 scrolls of teleportation
 E - 3 scrolls of enchant armour {unknown}
 J - a scroll of immolation {unknown}
 N - a scroll of poison
Potions
 b - 2 potions of magic
 e - a potion of heal wounds {unknown}
 h - 2 potions of lignification
 j - a potion of might {unknown}
 m - 4 potions of mutation
 n - a potion of berserk rage {unknown}
 o - 8 potions of haste
 D - 2 potions of ambrosia {unknown}
 F - a potion of enlightenment {unknown}
 I - 2 potions of brilliance {unknown}
 O - a potion of attraction {unknown}


   Skills:
 + Level 4.8 Fighting
 + Level 4.3 Staves
 * Level 6.7 Dodging
 + Level 5.1 Stealth
 * Level 8.5 Spellcasting
 * Level 9.0 Conjurations
 + Level 3.7 Translocations
 * Level 10.0 Fire Magic
 + Level 4.8 Invocations


You had 2 spell levels left.
You knew the following spells:

 Your Spells              Type           Power      Damage    Failure   Level
a - Foxfire               Conj/Fire      100%       2x1d9     1%          1
b - Scorch                Fire           92%        2d8       1%          2
c - Magic Dart            Conj           100%       1d8       1%          1
d - Blink                 Tloc           44%        N/A       2%          2
e - Volatile Blastmotes   Fire/Tloc      68%        2d15      1%          3
f - Flame Wave            Conj/Fire      60%        2d14      1%          4
g - Inner Flame           Hex/Fire       27%        N/A       3%          3
h - Fireball              Conj/Fire      30%        3d13      4%          5
i - Iskenderun's Battles  Conj           59%        2d11      6%          5

Your spell library contained the following spells:

 Spells                   Type           Power      Damage    Failure   Level
 Freeze                   Ice            32%        1d5       9%          1
 Call Imp                 Summ           16%        N/A       13%         2
 Hailstorm                Conj/Ice       37%        3d9       4%          3
 Brom's Barrelling Bould  Conj/Erth      37%        2d6       14%         4
 Frozen Ramparts          Ice            16%        1d3       26%         3
 Orb of Destruction       Conj           29%        9d9       87%         7
 Conjure Ball Lightning   Conj/Air       18%        3x3d6     91%         6
 Summon Cactus Giant      Summ           4%         N/A       100%        6


Dungeon Overview and Level Annotations

Branches:
Dungeon (12/15)            Temple (1/1) D:6            Lair (0/5) D:9
    Orc (0/2) D:10         Bailey (visited)           IceCv (1/1)

Altars:
Ashenzari
Cheibriados
Dithmenos
Fedhas
Gozag
Hepliaklqana
Kikubaaqudgha
Makhleb
Nemelex Xobeh
Okawaru
Qazlal
Ru
Sif Muna
Trog
Uskayaw
Vehumet
Wu Jian
Xom
Yredelemnul
Beogh

Shops:
D:1 (

Annotations:
D:3 2 transporters, mojasp's ghost, weakling DgAE
D:7 3 runed translucent doors, syranez's ghost, novice FeSh


Innate Abilities, Weirdness & Mutations

You are a tree.
Your roots penetrate the ground, keeping you stationary.
You cannot be teleported.
You are immune to unholy pain and torment.
Your maximum health is greatly increased.
Your equipment is partially melded.
((You have hoof-like feet.))
((You are partially covered in molten scales. (AC +2)))
You regenerate a lot of health from kills.
You are faintly shadowed, very rarely releasing foul flame when damaged in melee.


Message History

Aim: a white ugly thing (severely wounded, 57% to hit, chaotic)
You throw a silver javelin.
The silver javelin barely misses the white ugly thing.
The white ugly thing misses you.
Throw: 3 javelins (silver)
Press: ? - help, Q - select action, (/) - cycle Shift-Dir - straight line, f/p - white ugly thing
Aim: a white ugly thing (severely wounded, umbra, 57% to hit, chaotic)
You throw a silver javelin.
The silver javelin barely misses the white ugly thing.
The white ugly thing barely misses you.
Throw: 2 javelins (silver)
Press: ? - help, Q - select action, (/) - cycle Shift-Dir - straight line, f/p - white ugly thing
Aim: a white ugly thing (severely wounded, umbra, 57% to hit, chaotic)
You throw a silver javelin.
The silver javelin barely misses the white ugly thing.
You feel ready to blink again. The white ugly thing punches you.
The white ugly thing freezes you!!
* * * LOW HITPOINT WARNING * * *
The white ugly thing punches you but does no damage.
Throw: javelin (silver)
Press: ? - help, Q - select action, (/) - cycle Shift-Dir - straight line, f/p - white ugly thing
Aim: a white ugly thing (severely wounded, umbra, 57% to hit, chaotic)
You throw a silver javelin.
The silver javelin pierces through the white ugly thing!
The silver sears the white ugly thing!
The white ugly thing is almost dead.
The white ugly thing barely misses you.
The white ugly thing attacks as it pursues you!
The white ugly thing punches you!
* * * LOW HITPOINT WARNING * * *
The white ugly thing freezes you!
* * * LOW HITPOINT WARNING * * *
Okay, then.
You turn into a tree.
Your +2 hat melds into your body.
Your +0 pair of gloves melds into your body.
Your +0 steam dragon scales melds into your body.
Your roots penetrate the ground.
The white ugly thing punches you.
* * * LOW HITPOINT WARNING * * *
The white ugly thing freezes you!!
You die...

...?$(....##
#......?......#
#....ß...ß....#
#.............#
#...........#
#...........#
#...........#
#(......u♣#
#...∩...##
##..∩..##
#######


You could see a white ugly thing.

Vanquished Creatures
  Gastronok (D:9)
  An orc warlord (Bailey)
  2 two-headed ogres
  A boulder beetle (D:11)
  An ugly thing (D:11)
  A gargoyle (D:10)
  2 molten gargoyles (D:11)
  A rime drake (D:9)
  3 trolls
  Grum (D:9)
  A wraith (D:11)
  14 yaks
  A wyvern (D:8)
  3 steam dragons
  A death yak simulacrum (IceCv)
  A harpy simulacrum (IceCv)
  An acid dragon (D:10)
  3 water moccasins
  5 ice beasts
  A black bear (D:6)
  5 orc warriors
  A sky beast (D:5)
  An ogre (D:4)
  4 wolves
  2 centaurs
  2 phantoms (D:5)
  2 kobold brigands
  A gnoll sergeant (D:9)
  2 bullfrogs
  4 scorpions
  2 cane toad simulacra (IceCv)
  6 wights
  5 killer bees (D:8)
  6 howler monkeys
  5 lava snakes (D:11)
  A bombardier beetle (D:3)
  5 jellies
  2 hounds
  2 orc priests (D:10)
  3 gnoll boudas
  Terence (D:2)
  An iguana (D:4)
  12 orc wizards
  A sleepcap (D:4)
  4 adders
  20 gnolls
  A shadow imp (D:7)
  14 white imps
  2 ufetubi (D:5)
  3 ribbon worms (D:2)
  3 dart slugs
  25 orcs
  3 endoplasms
  5 giant cockroaches
  10 hobgoblins
  5 jackals
  26 kobolds
  2 quokkas
  8 ball pythons
  5 bats (D:1)
  2 frilled lizards
  11 goblins
  4 rats
274 creatures vanquished.

Vanquished Creatures (collateral kills)
  4 foxfires (D:1)
4 creatures vanquished.

Vanquished Creatures (others)
  829 foxfires
829 creatures vanquished.

Grand Total: 1107 creatures vanquished

Notes
Turn   | Place    | Note
-------+----------+-------------------------------------------
     0 | D:1      | CrazyBamboolord the Demonspawn Fire Elementalist began the
                  | quest for the Orb.
     0 | D:1      | Reached XP level 1. HP: 13/13 MP: 3/3
   421 | D:1      | Gained mutation: You are partially covered in molten
                  | scales. (AC +2) [demonic ancestry]
   421 | D:1      | Reached XP level 2. HP: 19/19 MP: 0/5
   777 | D:1      | Found Udueses's Weapon Shop.
  1275 | D:2      | Noticed Terence
  1310 | D:1      | Learned a level 2 spell: Scorch
  1497 | D:2      | Gained mutation: You have large cloven feet. [demonic
                  | ancestry]
  1497 | D:2      | Reached XP level 3. HP: 21/24 MP: 0/6
  2123 | D:2      | Reached skill level 3 in Fire Magic
  2206 | D:2      | Noticed a scorpion
  2224 | D:2      | Killed a scorpion
  2225 | D:2      | Reached skill level 1 in Fighting
  2225 | D:2      | Reached skill level 1 in Staves
  2225 | D:2      | Gained mutation: You have hoof-like feet. [demonic
                  | ancestry]
  2225 | D:2      | Reached XP level 4. HP: 31/32 MP: 0/7
  2855 | D:3      | Reached XP level 5. HP: 37/37 MP: 2/9
  3269 | D:3      | Found a transporter.
  3272 | D:3      | Noticed mojasp's ghost (weakling DgAE)
  3277 | D:3      | Found a transporter.
  3740 | D:4      | Found a shadowy altar of Dithmenos.
  3784 | D:4      | Noticed an ogre
  3789 | D:4      | Killed an ogre
  3790 | D:4      | Gained mutation: You regenerate a little health from kills.
                  | [demonic ancestry]
  3790 | D:4      | Reached XP level 6. HP: 43/43 MP: 4/10
  3898 | D:4      | Found an ancient bone altar of Kikubaaqudgha.
  3899 | D:4      | Found an ornate altar of the Wu Jian Council.
  3899 | D:4      | Found a sparkling altar of Nemelex Xobeh.
  4792 | D:4      | Gained mutation: You are faintly shadowed, very rarely
                  | releasing foul flame when damaged in melee. [demonic
                  | ancestry]
  4792 | D:4      | Reached XP level 7. HP: 47/49 MP: 7/12
  4943 | D:4      | Learned a level 1 spell: Magic Dart
  4946 | D:4      | Learned a level 2 spell: Blink
  4977 | D:5      | Entered Level 5 of the Dungeon
  5044 | D:5      | Reached skill level 4 in Fire Magic
  5213 | D:5      | Found an iron altar of Okawaru.
  5736 | D:5      | Found a blossoming altar of Fedhas.
  5736 | D:5      | Found an opulent altar of Gozag.
  5884 | D:6      | Noticed a steam dragon
  5978 | D:6      | Killed a steam dragon
  5979 | D:6      | Reached skill level 1 in Translocations
  5979 | D:6      | Gained mutation: You regenerate health from kills. [demonic
                  | ancestry]
  5979 | D:6      | Reached XP level 8. HP: 57/57 MP: 2/13
  6677 | D:6      | Found a staircase to the Ecumenical Temple.
  6692 | Temple   | Entered the Ecumenical Temple
  6711 | Temple   | Became a worshipper of Sif Muna the Loreminder
  7243 | D:7      | Found a runed translucent gate.
  7243 | D:7      | Found a runed translucent gate.
  7266 | D:7      | Found a runed translucent gate.
  7270 | D:7      | Noticed syranez's ghost (novice FeSh)
  7352 | D:7      | Reached skill level 1 in Invocations
  7815 | D:7      | Reached skill level 5 in Fire Magic
  8220 | D:7      | Learned a level 3 spell: Volatile Blastmotes
  8401 | D:2      | Killed Terence
  8639 | D:8      | Found a radiant altar of Vehumet.
  8727 | D:8      | Found a flagged portal.
  8736 | Bailey   | Entered a bailey
  8787 | Bailey   | Noticed an orc warlord
  8794 | Bailey   | Reached XP level 9. HP: 64/64 MP: 10/16
  8804 | Bailey   | Reached * piety under Sif Muna
  9009 | Bailey   | Found a runed translucent gate.
  9027 | Bailey   | Found a runed translucent gate.
  9028 | Bailey   | Found a runed translucent gate.
  9042 | Bailey   | Reached skill level 5 in Conjurations
  9242 | Bailey   | Killed an orc warlord
  9243 | Bailey   | Reached skill level 5 in Dodging
  9243 | Bailey   | Reached skill level 5 in Spellcasting
  9364 | Bailey   | Reached skill level 9 in Fire Magic
  9364 | Bailey   | Gained mutation: You regenerate a lot of health from kills.
                  | [demonic ancestry]
  9364 | Bailey   | Reached XP level 10. HP: 70/70 MP: 17/20
  9398 | Bailey   | Learned a level 4 spell: Flame Wave
  9402 | Bailey   | Learned a level 3 spell: Inner Flame
 10575 | D:9      | Noticed Grum
 10586 | D:9      | Killed Grum
 10597 | D:8      | Reached XP level 11. HP: 71/76 MP: 4/22
 10705 | D:9      | Noticed a two-headed ogre
 10865 | D:9      | Found a shimmering altar of Xom.
 10885 | D:9      | Found a staircase to the Lair.
 10925 | D:9      | Killed a two-headed ogre
 10931 | D:9      | Reached ** piety under Sif Muna
 11266 | D:9      | Noticed Gastronok
 11284 | D:9      | Killed Gastronok
 11793 | D:10     | Entered Level 10 of the Dungeon
 11794 | D:10     | Found a staircase to the Orcish Mines.
 12059 | D:10     | Found a roughly hewn altar of Beogh.
 12255 | D:9      | Upgraded the game from 0.32-a0-607-g64ea0e4219 to
                  | 0.32-a0-613-g40f424ee2b
 12374 | D:10     | Reached *** piety under Sif Muna
 13088 | D:11     | Noticed a cyan ugly thing
 13099 | D:11     | Killed a cyan ugly thing
 13147 | D:11     | Noticed a two-headed ogre
 13153 | D:11     | Killed a two-headed ogre
 13775 | D:11     | Reached skill level 5 in Stealth
 13894 | D:11     | Noticed a boulder beetle
 13913 | D:11     | Killed a boulder beetle
 13914 | D:11     | Reached XP level 12. HP: 49/84 MP: 1/24
 14466 | D:12     | Learned a level 5 spell: Fireball
 14472 | D:12     | Learned a level 5 spell: Iskenderun's Battlesphere
 14508 | D:12     | Reached **** piety under Sif Muna
 14511 | D:12     | Found a frozen archway.
 14556 | IceCv    | Entered an ice cave
 14566 | IceCv    | Reached skill level 10 in Fire Magic
 14585 | IceCv    | Mangled by a white ugly thing

Illustrated notes

Levels and vault maps discovered:
D:1:      kennysheep_arrival_seaside, layout_loops_ring, serial_shops,
          nicolae_shop_bloodbath_and_beyond, serial_bayou_lagoon_b
D:2:      layout_loops_ring, kennysheep_small_spiral, uniq_terence
D:3:      layout_loops_cross, gammafunk_ghost_mausoleum, wad_floor_pattern_2
D:4:      minmay_spotlight, layout_loops_ring,
          nicolae_dithmenos_through_a_glass_darkly,
          chequers_temple_overflow_statue_of_worship, kennysheep_little_box
D:5:      layout_basic, kennysheep_mini_moat, gammafunk_temple_overflow_elements
D:6:      layout_loops_ring, minmay_temple_entry_glass, solitary_fountain
D:7:      layout_basic, gammafunk_ghost_necromancy
D:8:      layout_cave_pods, fiery_altar_vehumet, enter_bailey_2
D:9:      layout_roguey, xom_teletrap_fun, hellmonk_lair_entry_icy, uniq_grum,
          uniq_gastronok
D:10:     layout_gridville, minmay_orc_entry_temple_small
D:11:     cheibrodos_magma_flow, layout_irregular_city, nicolae_tricolors
D:12:     layout_basic, portal_ice_cave_entry_imps
Temple:   minmay_temple_bridge_abc
IceCv:    ice_cave_statue_garden_transporter

Skill      XL: |  1  2  3  4  5  6  7  8  9 10 11 12 |
---------------+-------------------------------------+-----
Dodging        | 2 3 4 5 6 |  6.7
Stealth        | 2 3 4 5 |  5.1
Fire Magic     | 3 4 5 9 10 | 10.0
Fighting       | 1 2 3 4 |  4.8
Staves         | 1 2 3 4 |  4.3
Conjurations   | 2 3 4 7 8 9 |  9.0
Spellcasting   | 3 4 7 8 |  8.5
Translocations | 1 2 3 |  3.7
Invocations    | 1 2 3 4 |  4.8

Action                     |  1- 3 |  4- 6 |  7- 9 | 10-12 || total
---------------------------+-------+-------+-------+-------++-------
  Melee: Staff             |    94 |    34 |    22 |    58 ||   208
         Kick              |     7 |    10 |     5 |    20 ||    42
  Throw: Throwing net      |       |       |     1 |     2 ||     3
         Javelin           |       |       |       |    19 ||    19
   Cast: Foxfire           |    62 |    78 |   202 |   148 ||   490
         Scorch            |     6 |    13 |    17 |    19 ||    55
         Volatile Blastmot |       |       |     5 |     5 ||    10
         Flame Wave        |       |       |       |    42 ||    42
         Magic Dart        |       |       |       |    22 ||    22
         Blink             |       |       |       |     2 ||     2
         Inner Flame       |       |       |       |     1 ||     1
         Fireball          |       |       |       |     3 ||     3
  Evoke: Wand              |       |       |       |     6 ||     6
    Use: Scroll            |     1 |     2 |    13 |     6 ||    22
         Potion            |       |       |     1 |     3 ||     4
   Stab: Sleeping          |     2 |     1 |     1 |     1 ||     5
 Armour: Robe              |    89 |    48 |    36 |    64 ||   237
         Steam dragon scal |       |       |       |    86 ||    86
         Skin              |       |       |       |     1 ||     1
  Dodge: Dodged            |    93 |    56 |    69 |   145 ||   363

Table legend: (Time is in decaauts)
 A = Elapsed time spent in this place.
 B = Non-inter-level travel time spent in this place.
 C = Inter-level travel time spent in this place.
 D = Time resting spent in this place.
 E = Time spent auto-exploring this place.
 F = Levels seen in this place.
 G = Mean time per level.
                   A        B        C        D        E       F      G
               +--------+--------+--------+--------+--------+-----+--------+
         Total |  14665 |  13647 |   1018 |   1974 |   9088 |  15 |  977.7 |
       Dungeon |  13839 |  12857 |    982 |   1814 |   8847 |  12 | 1153.2 |
        Temple |     38 |      2 |     36 |      0 |      0 |   1 |   38.0 |
        Bailey |    757 |    757 |      0 |    160 |    240 |   1 |  757.0 |
      Ice Cave |     30 |     30 |      0 |      0 |      0 |   1 |   30.0 |
               +--------+--------+--------+--------+--------+-----+--------+

Top non-repeatable levels by time:
     D:8: 1471 daAuts
     D:4: 1458 daAuts
     D:1: 1431 daAuts
    D:11: 1415 daAuts
     D:2: 1398 daAuts
     D:6: 1183 daAuts
     D:9: 1124 daAuts
     D:7: 1116 daAuts
    D:10: 1096 daAuts
     D:5: 1049 daAuts
     D:3: 979 daAuts
  Bailey: 757 daAuts
    D:12: 114 daAuts
  Temple: 38 daAuts
   IceCv: 30 daAuts
